 Dungeon Crawl Stone Soup version 0.27-a0-1191-g601b473118 (webtiles) character file.

Game seed: 5218395387474091497

70 st0uf the Slasher (level 4, 0/60 HPs)
             Began as a Draconian Berserker on May 23, 2021.
             Was a Believer of Trog.
             Slain by a gnoll
             ... wielding a +2 spear of venom
              (6 damage)
             ... on level 2 of the Dungeon.
             The game lasted 00:02:09 (1810 turns).

st0uf the Slasher (Draconian Berserker)             Turns: 1810, Time: 00:02:10

Health: 0/60       AC:  5    Str: 19    XL:     4   Next: 3%
Magic:  4/4        EV: 12    Int:  7    God:    Trog [**....]
Gold:   59         SH:  5    Dex: 12    Spells: 3/3 levels left

rFire    . . .     SeeInvis .   a - +0 falchion
rCold    . . .     Faith    .   (no shield)
rNeg     . . .     Spirit   .   (armour unavailable)
rPois    .         Reflect  +   (helmet restricted)
rElec    .         Harm     .   (no cloak)
rCorr    .         Rampage  .   (no gloves)
Will     .....                  (no boots)
Stlth    ..........             d - amulet of reflection
HPRegen  0.20/turn              (no ring)
MPRegen  0.09/turn              (no ring)

@: berserking, lethally poisoned (0 -> -22), very quick
A: AC +5, unfitting armour, cold-blooded
a: Renounce Religion, Berserk, Trog's Hand


You were on level 2 of the Dungeon.
You worshipped Trog.
Trog was pleased with you.
You visited 1 branch of the dungeon, and saw 2 of its levels.

You collected 59 gold pieces.

Inventory:

Hand Weapons
 a - a +0 falchion (weapon)
Jewellery
 d - an amulet of reflection (around neck)
Scrolls
 b - a scroll of silence {unknown}
 c - a scroll of identify {unknown}
 e - a scroll of teleportation {unknown}
 f - a scroll of magic mapping {unknown}
Potions
 g - a potion of attraction {unknown}
 h - a potion of mutation {unknown}


   Skills:
 + Level 3.9 Fighting
 + Level 4.2 Long Blades
 + Level 3.0 Dodging
 + Level 0.2 Stealth


You had 3 spell levels left.
You didn't know any spells.
Your spell library was empty.

Dungeon Overview and Level Annotations

Branches:
Dungeon (2/15)

Altars:


Innate Abilities, Weirdness & Mutations

Your plain brown scales are hard. (AC +5)
You cannot fit into any form of body armour.
You are cold-blooded and may be slowed by cold attacks.


Message History

You kill the hobgoblin!
Trog accepts your kill. The dart slug launches a dart at you.
The slug dart hits you. The ball python closely misses you.
You riposte.
You hit the ball python.
You kill the ball python!
Trog accepts your kill. The gnoll closely misses you.
Found a ring mail and 5 gold pieces.
Found a stone staircase leading up.
The gnoll hits you with a +0 spear.
The gnoll hits you from afar with a +2 spear of venom!
You are poisoned.
A red film seems to cover your vision as you go berserk!
You feel yourself moving faster!
You feel mighty!
You feel very sick. The gnoll hits you with a +0 whip!
The gnoll hits you but does no damage.
The gnoll hits you from afar with a +2 spear of venom.
You are more poisoned.
You closely miss the gnoll. You tail-slap the gnoll.
The gnoll is lightly wounded.
* * * LOW HITPOINT WARNING * * *
You feel very sick. The gnoll barely misses you. The gnoll misses you.
You riposte.
You barely miss the gnoll.
The gnoll is lightly wounded.
You slash the gnoll!
The gnoll is almost dead.
* * * LOW HITPOINT WARNING * * *
You feel sick.
The gnoll hits you from afar with a +2 spear of venom.
* * * LOW HITPOINT WARNING * * *
You are more poisoned.
You slash the gnoll!
You kill the gnoll!
Trog accepts your kill.
* * * LOW HITPOINT WARNING * * *
You feel very sick. You block the gnoll's attack.
The gnoll hits you from afar with a +2 spear of venom.
You die...

# # ##
##.......##
....
#.$[......#
....
+.........+
.##
#.........#
#<......#
....g.# #.g)#
#@# #.## #.#
w....###.#
#.....†..##
####.##...##
#.#.....#
#.##..#.##
....###.####.#
###.##
##.....#


You could see 2 gnolls.

Vanquished Creatures
  Robin (D:2)
  A gnoll (D:2)
  A worm (D:2)
  2 dart slugs (D:1)
  3 ball pythons
  A bat (D:1)
  6 endoplasms
  3 giant cockroaches (D:1)
  11 goblins
  5 hobgoblins
  4 jackals (D:1)
  A kobold (D:1)
  2 quokkas (D:1)
  A frilled lizard (D:2)
  A rat (D:1)
43 creatures vanquished.

Notes
Turn   | Place    | Note
-------+----------+-------------------------------------------
     0 | D:1      | st0uf the Draconian Berserker began the quest for the Orb.
     0 | D:1      | Reached XP level 1. HP: 19/19 MP: 1/1
   148 | D:1      | Reached XP level 2. HP: 26/26 MP: 2/2
   666 | D:1      | Reached XP level 3. HP: 31/31 MP: 3/3
  1294 | D:2      | Noticed Robin
  1306 | D:2      | Reached ** piety under Trog
  1312 | D:2      | Reached skill level 4 in Long Blades
  1320 | D:2      | Killed Robin
  1423 | D:2      | Reached XP level 4. HP: 10/40 MP: 4/4
  1810 | D:2      | Slain by a gnoll

Illustrated notes

Levels and vault maps discovered:
D:1:      lightli_arrival_maybe_door_vault, layout_loops_ring,
          minmay_misc_feat_square
D:2:      layout_loops_corners, uniq_robin

Skill      XL: |  1  2  3 |
---------------+----------+-----
Dodging        | 3 |  3.0
Long Blades    | 4 |  4.2
Fighting       | |  3.9
Stealth        | |  0.2

Action                   |  1- 3 |  4- 6 || total
-------------------------+-------+-------++-------
Melee: Falchion          |   107 |     4 ||   111
       Tailslap          |    16 |     1 ||    17
Invok: Berserk           |     2 |     1 ||     3
Armor: Skin              |    32 |     2 ||    34
Dodge: Dodged            |    53 |     4 ||    57
Block: Other             |     6 |     1 ||     7
       Rpst.: Falchion   |    14 |     2 ||    16

Table legend: (Time is in decaauts)
 A = Elapsed time spent in this place.
 B = Non-inter-level travel time spent in this place.
 C = Inter-level travel time spent in this place.
 D = Time resting spent in this place.
 E = Time spent auto-exploring this place.
 F = Levels seen in this place.
 G = Mean time per level.
                   A        B        C        D        E       F      G
               +--------+--------+--------+--------+--------+-----+--------+
         Total |   1839 |   1839 |      0 |    359 |   1207 |   2 |  919.5 |
       Dungeon |   1839 |   1839 |      0 |    359 |   1207 |   2 |  919.5 |
               +--------+--------+--------+--------+--------+-----+--------+

Top non-repeatable levels by time:
     D:1: 1052 daAuts
     D:2: 787 daAuts
